 Dungeon Crawl Stone Soup version 0.29.1-15-g9cfb28693d (webtiles) character file.

Game seed: 8322154722641112008

127 Peloso the Covered (level 4, 0/40 HPs)
             Began as a Minotaur Fighter on Apr 20, 2023.
             Slain by Grinder (1 damage)
             ... on level 3 of the Dungeon.
             The game lasted 00:02:44 (1952 turns).

Peloso the Covered (Minotaur Fighter)               Turns: 1952, Time: 00:02:45

Health: 0/40       AC:  9    Str: 20    XL:     4   Next: 85%
Magic:  3/3        EV:  7    Int:  5    God:
Gold:   107        SH:  5    Dex: 12    Spells: 3/3 levels left

rFire   . . .      SeeInvis .   a - +0 long sword
rCold   . . .      Faith    .   d - +0 buckler
rNeg    . . .      Spirit   .   k - +0 chain mail
rPois   .          Reflect  .   (helmet restricted)
rElec   .          Harm     .   (no cloak)
rCorr   .          Rampage  .   (no gloves)
Will    .....                   (no boots)
Stlth   ..........              (no amulet)
HPRegen 0.13/turn               (no ring)
MPRegen 0.08/turn               (no ring)

@: no status effects
A: horns 2, retaliatory headbutt
a: no special abilities


You were on level 3 of the Dungeon.
You visited 1 branch of the dungeon, and saw 3 of its levels.

You collected 107 gold pieces.

Inventory:

Hand Weapons
 a - a +0 long sword (weapon)
 c - a +0 whip of flaming
Armour
 b - a +0 scale mail
 d - a +0 buckler (worn)
 k - a +0 chain mail (worn)
Wands
 n - a wand of mindburst (21)
Scrolls
 e - 3 scrolls of noise
 g - a scroll of identify
 j - a scroll of teleportation {unknown}
 m - a scroll of enchant weapon {unknown}
Potions
 f - 2 potions of might
 h - 5 potions of curing {unknown}
 i - a potion of cancellation
 l - a potion of berserk rage


   Skills:
 + Level 4.2 Fighting
 + Level 4.0 Long Blades
 + Level 4.7 Armour
 + Level 0.1 Dodging
 + Level 4.5 Shields


You had 3 spell levels left.
You didn't know any spells.
Your spell library was empty.

Dungeon Overview and Level Annotations

Branches:
Dungeon (3/15)

Altars:

Shops:
D:1 [

Annotations:
D:3 Grinder


Innate Abilities, Weirdness & Mutations

You have a pair of horns on your head.
You reflexively headbutt those who attack you in melee.


Message History

You hit Grinder. You headbutt Grinder.
Grinder is lightly wounded.
Grinder hits you but does no damage. Grinder gestures at you.
You barely resist. You barely miss Grinder.
You headbutt Grinder, but do no damage.
Grinder is lightly wounded.
You block Grinder's attack.
You hit Grinder but do no damage.
Grinder is lightly wounded.
Grinder blinks!
Grinder gestures at you.
You suddenly lose the ability to move!
You can move again.
You slash Grinder! Your headbutt misses Grinder.
Grinder is lightly wounded.
Grinder gestures at you. Pain shoots through your body! Grinder hits you.
You writhe in agony.
You closely miss Grinder.
Grinder is lightly wounded.
Grinder blinks!
Grinder gestures at you. Pain shoots through your body!
You closely miss Grinder. Your headbutt misses Grinder.
Grinder is lightly wounded.
Grinder gestures at you. Pain shoots through your body!
* * * LOW HITPOINT WARNING * * *
You hit Grinder. Your headbutt misses Grinder.
Grinder is lightly wounded.
Grinder hits you.
* * * LOW HITPOINT WARNING * * *
You writhe in agony.
* * * LOW HITPOINT WARNING * * *
You closely miss Grinder. You headbutt Grinder!
Grinder is moderately wounded.
Grinder hits you.
* * * LOW HITPOINT WARNING * * *
You writhe in agony.
You die...

######## #.......
##### #...?.
#...####..#
#####...#.....# #
##..<....#.##.####..##
#...........@5........
#.......###..#.###.###
#.#.............#
#...(####.####..#
.####.............#
..............>###.#
#..................#
#.....########.#####
#..... #.#


You could see Grinder.

Vanquished Creatures
  Natasha (thrice) (D:2)
  2 adders (D:2)
  A dart slug (D:1)
  An endoplasm (D:2)
  3 giant cockroaches
  3 goblins
  2 hobgoblins (D:2)
  A quokka (D:3)
  11 ball pythons
  5 bats
  2 frilled lizards
  A kobold (D:1)
  2 rats (D:1)
37 creatures vanquished.

Notes
Turn   | Place    | Note
-------+----------+-------------------------------------------
     0 | D:1      | Peloso the Minotaur Fighter began the quest for the Orb.
     0 | D:1      | Reached XP level 1. HP: 19/19 MP: 0/0
   350 | D:1      | Reached XP level 2. HP: 27/27 MP: 1/1
   358 | D:1      | Found Emeniah's Armour Shoppe.
   988 | D:2      | Reached XP level 3. HP: 26/33 MP: 2/2
  1134 | D:2      | Noticed Natasha
  1142 | D:2      | Killed Natasha
  1143 | D:2      | Reached XP level 4. HP: 27/40 MP: 3/3
  1310 | D:2      | Noticed Natasha
  1315 | D:2      | Killed Natasha
  1318 | D:2      | Noticed Natasha
  1326 | D:2      | Killed Natasha
  1430 | D:2      | Found a faded altar of an unknown god.
  1933 | D:3      | Noticed Grinder
  1941 | D:3      | Paralysed by Grinder for 3 turns
  1951 | D:3      | HP: 2/40 [Grinder (1)]
  1952 | D:3      | Slain by Grinder

Illustrated notes

Levels and vault maps discovered:
D:1:      amcnicky_arrival_abandoned_market, layout_basic, serial_shops,
          nicolae_shop_competitors_out_of_business, chequers_mini_garden
D:2:      layout_loops_ring, chequers_ecumenical_altar_grove,
          chequers_serial_rivers_small_b, uniq_natasha
D:3:      layout_basic, serial_shops, nicolae_shop_behind_doors, uniq_grinder

Skill      XL: |  1  2  3  4 |
---------------+-------------+-----
Shields        | 4 |  4.5
Armour         | 4 |  4.7
Fighting       | 4 |  4.2
Long Blades    | 3 4 |  4.0
Dodging        | |  0.1

Action                   |  1- 3 |  4- 6 || total
-------------------------+-------+-------++-------
Melee: Long sword        |    55 |    32 ||    87
       Headbutt          |    11 |     8 ||    19
  Use: Scroll            |       |     3 ||     3
Armor: Scale mail        |    12 |       ||    12
       Chain mail        |    10 |    12 ||    22
Dodge: Dodged            |    38 |     7 ||    45
Block: Buckler           |    15 |     5 ||    20
